 Dungeon Crawl Stone Soup version 0.31.0-11-ge490571c62 (webtiles) character file.

Game seed: 18434085849172764359

2857 qw the Markself (level 9, -1/52 HPs)
             Began as a Deep Elf Hunter on Feb 3, 2024.
             Slain by a hellwing (5 damage)
             ... on level 7 of the Dungeon.
             The game lasted 00:00:29 (5378 turns).

qw the Markself (Deep Elf Hunter)                   Turns: 5378, Time: 00:00:29

Health: -1/52      AC:  9    Str: 12    XL:     9   Next: 47%
Magic:  11/11      EV: 18    Int: 15    God:
Gold:   108        SH:  0    Dex: 18    Spells: 8/8 levels left

rFire   . . .        p - +0 orcbow
rCold   . . .        (shield currently unavailable)
rNeg    + . .        h - +0 ring mail
rPois   .            j - +0 helmet
rElec   .            (no cloak)
rCorr   .            k - +1 pair of gloves
SInv    .            g - +0 pair of boots
Will    .....        (no amulet)
Stlth   +            f - ring of positive energy
HPRegen 0.28/turn    o - +5 ring of evasion
MPRegen 0.12/turn

%: no passive effects
@: about to teleport
A: no striking features
a: no special abilities


You were on level 7 of the Dungeon.
You visited 1 branch of the dungeon, and saw 7 of its levels.

You collected 264 gold pieces.
You spent 156 gold pieces at shops.


   Skills:
 - Level 4.3 Fighting
 + Level 15.1 Ranged Weapons
 - Level 2.0 Armour
 - Level 5.3 Dodging
 - Level 1.2 Stealth


You had 8 spell levels left.
You didn't know any spells.
Your spell library was empty.

Inventory:

Hand Weapons
 p - a +0 orcbow (weapon)
Armour
 g - a +0 pair of boots (worn)
 h - a +0 ring mail (worn)
 j - a +0 helmet (worn)
 k - a +1 pair of gloves (worn)
Jewellery
 b - a ring of fire
 f - a ring of positive energy (left hand)
 o - a +5 ring of evasion (right hand)
Wands
 e - a wand of iceblast (9)
 q - a wand of digging (10)
Scrolls
 i - 2 scrolls of teleportation
Potions
 a - a potion of mutation
 d - a potion of curing
 m - 2 potions of enlightenment
 n - 2 potions of might
 r - 2 potions of heal wounds

Dungeon Overview and Level Annotations

Branches:
Dungeon (7/15)
 Temple: D:4-7

Altars:
Ashenzari

Shops:
D:4 !

Annotations:
D:4 1 runed translucent door, Crazy Yiuf
D:5 1 runed translucent door, qw's ghost, amateur SpHu


Message History

The centaur warrior zombie completely misses you.
The centaur warrior zombie hits you.
The centaur warrior zombie kicks you but does no damage.
You shoot an arrow.
The arrow barely misses the centaur warrior zombie.
The arrow hits the hellwing!
The hellwing is lightly wounded.
The centaur warrior zombie closely misses you. x2
You shoot an arrow.
The arrow barely misses the centaur warrior zombie.
The arrow hits the hellwing but does no damage.
The hellwing is lightly wounded.
The centaur warrior zombie hits you! The centaur warrior zombie misses you.
You shoot an arrow.
The arrow hits the centaur warrior zombie!
The centaur warrior zombie is severely damaged.
The centaur warrior zombie hits you.
The centaur warrior zombie barely misses you.
You shoot an arrow.
The arrow hits the centaur warrior zombie but does no damage.
The centaur warrior zombie is severely damaged.
The centaur warrior zombie completely misses you.
The centaur warrior zombie closely misses you.
You shoot an arrow.
The arrow hits the centaur warrior zombie!
The centaur warrior zombie is almost destroyed.
The centaur warrior zombie completely misses you.
The centaur warrior zombie barely misses you.
You shoot an arrow.
The arrow barely misses the centaur warrior zombie.
The centaur warrior zombie hits you.
The centaur warrior zombie closely misses you.
The hellwing hits you! The hellwing barely misses you.
5378 ||| READING 3 scrolls of teleportation.
As you read the scroll of teleportation, it crumbles to dust.
You feel strangely unstable. The centaur warrior zombie hits you.
The centaur warrior zombie kicks you but does no damage.
The hellwing hits you.
You die...

+.....).....+....
#8.........8#.... #...
##.........##.... #.....
##8.....8##..... #....#
##.....##...... #....#
##8.8##....... #....#
###'##........
##....#####..#.%........
.......4@#..####........
###...Z...# ##.....###
#....##..####.....##
##(........))......#
#..)....)...)......#
#.......)...###.....#
#.......###...........
#....#### #....###.....
.Z.##.# #..#.# #....


You could see a hellwing and a centaur warrior zombie.

Vanquished Creatures
  Pikel (D:6)
  A centaur skeleton (D:7)
  Sigmund (D:4)
  A wyvern (D:7)
  Eustachio (D:6)
  Menkaure (D:4)
  An orc warrior (D:7)
  3 ogres
  A centaur (D:5)
  2 phantoms
  2 lemures (D:6)
  2 scorpions
  A bombardier beetle (D:6)
  2 jellies
  3 orc priests (D:6)
  A gnoll bouda (D:6)
  3 hounds
  3 sleepcaps
  7 orc wizards
  A mummy (D:6)
  15 gnolls
  8 adders
  3 shadow imps
  A white imp (D:5)
  3 dart slugs
  16 orcs
  2 bats
  4 endoplasms
  2 giant cockroaches
  4 goblins
  5 hobgoblins
  7 jackals (D:3)
  3 kobolds
  3 quokkas
  5 ball pythons
  A frilled lizard (D:3)
  A hobgoblin zombie (D:6)
  A kobold zombie (D:6)
  8 rats
130 creatures vanquished.

Notes
Turn   | Place    | Note
-------+----------+-------------------------------------------
     0 | D:1      | qw the Deep Elf Hunter began the quest for the Orb.
     0 | D:1      | Reached XP level 1. HP: 12/12 MP: 3/3
     0 | D:1      | 0 ||| qw: Version: 0.3-a-157-g843a77d
     0 | D:1      | 0 ||| qw: Game counter: 3841
     0 | D:1      | 0 ||| qw: Melee chars always use a shield: true
     0 | D:1      | 0 ||| qw: God list: Okawaru
     0 | D:1      | 0 ||| qw: Allow faded altars: false
     0 | D:1      | 0 ||| qw: Do Orc after clearing Dungeon:15 true
     0 | D:1      | 0 ||| qw: Do second Lair branch before Depths: true
     0 | D:1      | 0 ||| qw: Lair rune preference: random
     0 | D:1      | 0 ||| qw: Goals: Normal
     0 | D:1      | 0 ||| PLANNING D:1-11
   240 | D:1      | Reached XP level 2. HP: 16/16 MP: 4/4
   332 | D:1      | Reached skill level 6 in Ranged Weapons
   386 | D:1      | You fall into a shaft and drop 1 floor!
   420 | D:2      | 420 ||| UPGRADING to +0 ring mail.
   430 | D:2      | 430 ||| DROPPING +0 leather armour.
   431 | D:2      | 431 ||| UPGRADING to +0 pair of gloves.
   436 | D:2      | 436 ||| READING scroll labelled NOX SOADYNE.
   436 | D:2      | 436 ||| IDENTIFYING smoky blue potion
   437 | D:2      | 437 ||| READING scroll labelled CUSAOM JAFU.
   438 | D:2      | 438 ||| READING scroll labelled NEZUPRESMI.
   442 | D:2      | 442 ||| DRINKING 2 yellow potions.
   443 | D:2      | 443 ||| DROPPING scroll of butterflies.
   444 | D:2      | 444 ||| DROPPING potion of lignification.
   445 | D:2      | 445 ||| Stepping randomly (stuck).
   446 | D:2      | 446 ||| Stepping randomly (stuck).
   447 | D:2      | 447 ||| Stepping randomly (stuck).
   448 | D:2      | 448 ||| Stepping randomly (stuck).
   449 | D:2      | 449 ||| Stepping randomly (stuck).
   450 | D:2      | 450 ||| Stepping randomly (stuck).
   451 | D:2      | 451 ||| Stepping randomly (stuck).
   452 | D:2      | 452 ||| Stepping randomly (stuck).
   457 | D:2      | 457 ||| Stepping randomly (stuck).
   458 | D:2      | 458 ||| Stepping randomly (stuck).
   459 | D:2      | 459 ||| Stepping randomly (stuck).
   460 | D:2      | 460 ||| Stepping randomly (stuck).
   461 | D:2      | 461 ||| Stepping randomly (stuck).
   462 | D:2      | 462 ||| Stepping randomly (stuck).
   463 | D:2      | 463 ||| Stepping randomly (stuck).
   464 | D:2      | 464 ||| Stepping randomly (stuck).
   465 | D:2      | 465 ||| Stepping randomly (stuck).
   466 | D:2      | 466 ||| Stepping randomly (stuck).
   467 | D:2      | 467 ||| Stepping randomly (stuck).
   468 | D:2      | 468 ||| Stepping randomly (stuck).
   469 | D:2      | 469 ||| Stepping randomly (stuck).
   470 | D:2      | 470 ||| Stepping randomly (stuck).
   471 | D:2      | 471 ||| Stepping randomly (stuck).
   472 | D:2      | 472 ||| Stepping randomly (stuck).
   473 | D:2      | 473 ||| Stepping randomly (stuck).
   474 | D:2      | 474 ||| Stepping randomly (stuck).
   475 | D:2      | 475 ||| Stepping randomly (stuck).
   476 | D:2      | 476 ||| Stepping randomly (stuck).
   477 | D:2      | 477 ||| Stepping randomly (stuck).
   478 | D:2      | 478 ||| Stepping randomly (stuck).
   479 | D:2      | 479 ||| Stepping randomly (stuck).
   480 | D:2      | 480 ||| Stepping randomly (stuck).
   481 | D:2      | 481 ||| Stepping randomly (stuck).
   482 | D:2      | 482 ||| Stepping randomly (stuck).
   483 | D:2      | 483 ||| Stepping randomly (stuck).
   484 | D:2      | 484 ||| Stepping randomly (stuck).
   485 | D:2      | 485 ||| Stepping randomly (stuck).
   486 | D:2      | 486 ||| Stepping randomly (stuck).
   487 | D:2      | 487 ||| Stepping randomly (stuck).
   488 | D:2      | 488 ||| Stepping randomly (stuck).
   489 | D:2      | 489 ||| Stepping randomly (stuck).
   490 | D:2      | 490 ||| Stepping randomly (stuck).
   491 | D:2      | 491 ||| Stepping randomly (stuck).
   492 | D:2      | 492 ||| Stepping randomly (stuck).
   549 | D:2      | Reached XP level 3. HP: 20/20 MP: 5/5
   821 | D:1      | 821 ||| READING scroll of identify.
   821 | D:1      | 821 ||| IDENTIFYING golden potion
   822 | D:1      | 822 ||| DROPPING potion of degeneration.
   895 | D:2      | Reached skill level 7 in Ranged Weapons
  1254 | D:2      | 1254 ||| READING scroll labelled FAROPP NIHOUPT.
  1255 | D:2      | 1255 ||| READING scroll labelled VAMOTTY AJAUKH.
  1256 | D:2      | 1256 ||| READING scroll labelled YLAAST HUEVEVASTE.
  1256 | D:2      | Identified a scroll of acquirement
  1256 | D:2      | 1256 ||| ACQUIRING +7 sling "Killer Klown's Foe" {drain,
                  | rPois rN++}
  1256 | D:2      | Acquired the +7 sling "Killer Klown's Foe" {drain, rPois
                  | rN++}
  1258 | D:2      | 1258 ||| SWAPPING to +7 sling "Killer Klown's Foe" {drain,
                  | rPois rN++}.
  1259 | D:2      | 1259 ||| DROPPING +0 shortbow.
  1319 | D:3      | Found a faded altar of an unknown god.
  1390 | D:3      | Reached XP level 4. HP: 25/25 MP: 6/6
  1863 | D:3      | Reached skill level 8 in Ranged Weapons
  1951 | D:3      | 1951 ||| UPGRADING to +0 pair of boots.
  1956 | D:3      | 1956 ||| UPGRADING to +0 helmet.
  1961 | D:3      | 1961 ||| READING scroll of identify.
  1961 | D:3      | 1961 ||| IDENTIFYING bubbling black potion
  1962 | D:3      | 1962 ||| READING scroll labelled PAALONEYME.
  2108 | D:4      | Reached skill level 1 in Armour
  2108 | D:4      | Reached XP level 5. HP: 29/29 MP: 7/7
  2339 | D:4      | Noticed a phantom
  2340 | D:4      | 2340 ||| ZAPPING wand of iceblast (12) at 0,2 (floor).
  2341 | D:4      | 2341 ||| ZAPPING wand of iceblast (11) at 0,2 (phantom;
                  | floor).
  2352 | D:4      | Killed a phantom
  2353 | D:4      | Reached skill level 9 in Ranged Weapons
  2353 | D:4      | Reached XP level 6. HP: 16/34 MP: 8/8
  2442 | D:4      | Noticed Sigmund
  2446 | D:4      | 2446 ||| ZAPPING wand of iceblast (10) at 0,4 (floor).
  2447 | D:4      | 2447 ||| ZAPPING wand of iceblast (9) at 0,3 (floor).
  2447 | D:4      | Killed Sigmund
  2448 | D:4      | Reached skill level 3 in Fighting
  2457 | D:4      | Found a runed translucent door.
  2458 | D:4      | Noticed Crazy Yiuf
  2811 | D:4      | Noticed Menkaure
  2813 | D:4      | 2813 ||| ZAPPING wand of iceblast (8) at 5,1 (Menkaure;
                  | floor).
  2814 | D:4      | 2814 ||| ZAPPING wand of iceblast (7) at 4,1 (Menkaure;
                  | floor).
  2815 | D:4      | 2815 ||| ZAPPING wand of iceblast (6) at 3,1 (Menkaure;
                  | floor).
  2815 | D:4      | Killed Menkaure
  2816 | D:4      | Reached skill level 10 in Ranged Weapons
  2816 | D:4      | Reached XP level 7. HP: 41/41 MP: 9/9
  2833 | D:4      | Found Veabui Morch's Distillery.
  2841 | D:4      | 2841 ||| BUYING potion of curing (39 gold).
  2841 | D:4      | Bought a potion of curing for 39 gold pieces
  2841 | D:4      | 2841 ||| BUYING potion of enlightenment (65 gold).
  2841 | D:4      | Bought a potion of enlightenment for 65 gold pieces
  2841 | D:4      | 2841 ||| SHOPLISTING potion of haste (130 gold, have 53).
  2841 | D:4      | 2841 ||| BUYING potion of might (52 gold).
  2841 | D:4      | Bought a potion of might for 52 gold pieces
  3135 | D:4      | 3135 ||| UPGRADING to ring of positive energy.
  3136 | D:4      | 3136 ||| UPGRADING to +5 ring of evasion.
  3165 | D:5      | Entered Level 5 of the Dungeon
  3180 | D:5      | Reached skill level 3 in Dodging
  3182 | D:5      | 3182 ||| RETREEEEATING.
  3184 | D:5      | 3184 ||| RETREEEEATING.
  3186 | D:5      | 3186 ||| RETREEEEATING.
  3187 | D:5      | 3187 ||| RETREEEEATING.
  3203 | D:5      | Reached skill level 11 in Ranged Weapons
  3215 | D:5      | 3215 ||| FLEEEEING.
  3216 | D:5      | 3216 ||| FLEEEEING.
  3289 | D:5      | 3289 ||| SWAPPING to +0 orcbow.
  3290 | D:5      | 3290 ||| DROPPING +7 sling "Killer Klown's Foe" {drain,
                  | rPois rN++}.
  3685 | D:5      | Reached XP level 8. HP: 46/46 MP: 10/10
  3733 | D:5      | Reached skill level 12 in Ranged Weapons
  3771 | D:5      | Noticed qw's ghost (amateur SpHu)
  3772 | D:5      | Found a runed translucent door.
  3898 | D:5      | Found a broken altar of Ashenzari.
  4072 | D:5      | 4072 ||| DROPPING +6 ring of intelligence.
  4073 | D:5      | 4073 ||| READING 2 scrolls of identify.
  4073 | D:5      | 4073 ||| IDENTIFYING green potion
  4074 | D:5      | 4074 ||| READING scroll of identify.
  4074 | D:5      | 4074 ||| IDENTIFYING sedimented orange potion
  4075 | D:5      | 4075 ||| READING scroll labelled IBEEKO QELEFF.
  4075 | D:5      | 4075 ||| ENCHANTING +0 pair of gloves.
  4076 | D:5      | 4076 ||| DROPPING potion of brilliance.
  4090 | D:6      | 4090 ||| PLANNING OSSUARY
  4362 | D:6      | Noticed Pikel
  4365 | D:6      | 4365 ||| DRINKING potion of haste.
  4385 | D:6      | Killed Pikel
  4386 | D:6      | Reached skill level 13 in Ranged Weapons
  4510 | D:6      | 4510 ||| DRINKING 3 potions of curing.
  4510 | D:6      | 4510 ||| (to cure confusion)
  4515 | D:6      | Reached skill level 14 in Ranged Weapons
  4726 | D:6      | 4726 ||| RIP OSSUARY
  4755 | D:6      | 4755 ||| PLANNING D:1-11
  4769 | D:6      | Reached XP level 9. HP: 51/51 MP: 11/11
  4895 | D:6      | 4895 ||| DRINKING 2 potions of curing.
  4895 | D:6      | 4895 ||| (to cure confusion)
  5108 | D:6      | Noticed Eustachio
  5127 | D:6      | Killed Eustachio
  5177 | D:6      | 5177 ||| READING scroll of identify.
  5177 | D:6      | 5177 ||| IDENTIFYING black potion
  5178 | D:6      | 5178 ||| READING scroll labelled EJOWOY KOUXZE.
  5179 | D:6      | 5179 ||| READING scroll labelled PEABAN CEUGREFA.
  5261 | D:7      | Reached skill level 15 in Ranged Weapons
  5354 | D:7      | 5354 ||| FLEEEEING.
  5355 | D:7      | 5355 ||| FLEEEEING.
  5356 | D:7      | 5356 ||| FLEEEEING.
  5357 | D:7      | 5357 ||| FLEEEEING.
  5358 | D:7      | 5358 ||| FLEEEEING.
  5366 | D:7      | Noticed a hellwing
  5369 | D:7      | 5369 ||| RETREEEEATING.
  5377 | D:7      | HP: 8/52 [hellwing (11)]
  5378 | D:7      | 5378 ||| READING 3 scrolls of teleportation.
  5378 | D:7      | Slain by a hellwing

Levels and vault maps discovered:
D:1:      pf_arrival_petrified_forest, layout_loops_ring,
          minmay_shallow_snake_nest
D:2:      layout_basic
D:3:      layout_basic, dreamdust_ecumenical_altar_angels_and_demons,
          minmay_misc_feat_five
D:4:      kennysheep_big_flooded_room, layout_loops_corners, serial_shops,
          nicolae_shop_hallway_stairs, dk_noncrumbling_2, minmay_misc_feat_rows,
          uniq_crazy_yiuf_cottage, uniq_sigmund, uniq_menkaure
D:5:      layout_loops_corners, mainiacjoe_overflow_concentric_impassable,
          hellmonk_ghost_happy_afterlife, minmay_circle_x
D:6:      layout_gridville, nicolae_ossuary_entry_giza, uniq_eustachio,
          uniq_pikel
D:7:      cheibrodos_grave_circle, layout_layer_cave, old_standard_altar,
          zin_academy, temple_fountains, dk_noncrumbling_4

Skill      XL: |  1  2  3  4  5  6  7  8  9 |
---------------+----------------------------+-----
Ranged Weapons | 6 7 8 9 10 11 14 15 | 15.1
Armour         | 1 2 |  2.0
Fighting       | 3 4 |  4.3
Dodging        | 3 5 |  5.3
Stealth        | |  1.2

Action                     |  1- 3 |  4- 6 |  7- 9 || total
---------------------------+-------+-------+-------++-------
   Fire: Shortbow          |    55 |       |       ||    55
         Sling             |    19 |    63 |    38 ||   120
         Orcbow            |       |       |   258 ||   258
  Evoke: Wand              |       |     7 |       ||     7
    Use: Scroll            |     7 |     2 |     7 ||    16
         Potion            |     1 |       |     3 ||     4
 Armour: Ring mail         |     1 |    15 |   104 ||   120
  Dodge: Dodged            |    12 |     7 |   149 ||   168

Table legend:
 A = Non-vault XP
 B = Vault XP
 C = Vault XP percentage of total XP
 D = Non-vault monster count
 E = Vault monster count
 F = Vault count percentage of total count
                 A         B        C        D         E       F
            +---------+---------+-------+---------+---------+-------
      Total |    2150 |    1932 |  47.3 |     107 |      21 |  16.4
            +---------+---------+-------+---------+---------+-------
        D:1 |      16 |       3 |  15.8 |       9 |       2 |  18.2
        D:2 |      54 |       0 |   0.0 |      11 |       0 |   0.0
        D:3 |      89 |       0 |   0.0 |      23 |       0 |   0.0
        D:4 |     282 |     399 |  58.6 |      17 |       4 |  19.0
        D:5 |     380 |     283 |  42.7 |      14 |       7 |  33.3
        D:6 |     884 |     837 |  48.6 |      26 |       5 |  16.1
        D:7 |     445 |     410 |  48.0 |       7 |       3 |  30.0
            +---------+---------+-------+---------+---------+-------
